 Dungeon Crawl Stone Soup version 0.24.0-28-g17ded55e90 (webtiles) character file.

Game seed: 6064439861112413030, levelgen mode: deterministic

200 Delamore the Chopper (level 5, -4/45 HPs)
             Began as a Hill Orc Fighter on Nov 11, 2019.
             Killed from afar by Ijyb (9 damage)
             ... with a puff of flame
             ... on level 3 of the Dungeon.
             The game lasted 00:02:43 (2382 turns).

Delamore the Chopper (Hill Orc Fighter)             Turns: 2382, Time: 00:02:44

Health: -4/45      AC:  6    Str: 20    XL:     5   Next: 79%
Magic:  5/5        EV:  7    Int:  8    God:
Gold:   79         SH: 12    Dex: 10    Spells: 4/4 levels left

rFire    . . .     SeeInvis .   a - +0 war axe
rCold    . . .     Gourm    .   c - +0 shield
rNeg     . . .     Faith    .   b - +0 scale mail
rPois    .         Spirit   .   (no helmet)
rElec    .         Reflect  +   (no cloak)
rCorr    .         Harm     .   (no gloves)
MR       .....                  (no boots)
Stlth    ..........             e - +3 amulet of reflection
HPRegen  0.15/turn              (no ring)
MPRegen  0.09/turn              (no ring)

@: no status effects
A: no striking features
a: no special abilities


You were on level 3 of the Dungeon.
You were not hungry.

You visited 1 branch of the dungeon, and saw 3 of its levels.

You collected 79 gold pieces.

Inventory:

Hand Weapons
 a - a +0 war axe (weapon)
Armour
 b - a +0 scale mail (worn)
 c - a +0 shield (worn)
Jewellery
 e - a +3 amulet of reflection (around neck)
Wands
 p - a wand of enslavement (6)
Scrolls
 g - a scroll of blinking {unknown}
 h - a scroll of magic mapping {unknown}
 i - 4 scrolls of identify {unknown}
 j - a scroll of teleportation {unknown}
 k - a scroll of remove curse {unknown}
 m - a scroll of amnesia {unknown}
Potions
 d - 2 potions of might
 l - 2 potions of curing {unknown}
 n - a potion of flight {unknown}
 o - 2 potions of magic {unknown}
Comestibles
 f - 8 rations


   Skills:
 - Level 3.6 Fighting
 + Level 7.7 Axes
 - Level 3.2 Armour
 - Level 3.2 Shields


You had 4 spell levels left.
You didn't know any spells.
Your spell library was empty.

Dungeon Overview and Level Annotations

Branches:
Dungeon (3/15)

Altars:

Annotations:
D:3 Ijyb


Message History

Aiming: Enslavement
Press: ? - help, Shift-Dir - straight line, f/p - Ijyb
Aim: Ijyb, wearing a +0 leather armour and carrying a wand of flame (15) (severely wounded, chance to defeat MR: 54%) Ijyb resists with significant effort.
The orc throws a boomerang.
You reflect the boomerang off an invisible shield around you!
The boomerang hits the orc.
The weapon returns to the orc!
You block Ijyb's attack.
Evoke which item? (* to show all) (? for menu, Esc to quit)
Aiming: Enslavement
Press: ? - help, Shift-Dir - straight line, f/p - Ijyb
Aim: Ijyb, wearing a +0 leather armour and carrying a wand of flame (15) (severely wounded, chance to defeat MR: 54%) Ijyb resists with significant effort.
The orc throws a boomerang.
You reflect the boomerang off an invisible shield around you!
The boomerang hits the orc!
The orc dies!
The weapon returns from whence it came!
Ijyb zaps a wand.
The puff of flame hits you.
* * * LOW HITPOINT WARNING * * *
Ijyb zaps a wand.
The puff of flame hits you!
You die...

..... ... ... #$#
#.#
##############.###
...............g>#
##############.#.#
#.#@# #.#.# ).#.#
###.# ..# ###


You could see Ijyb.

Vanquished Creatures
  A scorpion (D:2)
  3 adders (D:2)
  4 gnolls (D:2)
  An ooze (D:1)
  2 worms (D:2)
  2 dart slugs
  An orc (D:3)
  A ball python (D:2)
  7 bats
  4 giant cockroaches
  8 goblins
  9 hobgoblins
  5 jackals
  A quokka (D:2)
  4 frilled lizards
  6 kobolds
  5 rats
64 creatures vanquished.

Vanquished Creatures (others)
  An orc (D:3)
1 creature vanquished.

Grand Total: 65 creatures vanquished

Notes
Turn   | Place    | Note
-------+----------+-------------------------------------------
     0 | D:1      | Delamore the Hill Orc Fighter began the quest for the Orb.
     0 | D:1      | Reached XP level 1. HP: 19/19 MP: 1/1
    32 | D:1      | Reached skill level 3 in Axes
    40 | D:1      | Reached XP level 2. HP: 9/26 MP: 2/2
   440 | D:1      | Reached skill level 4 in Axes
   658 | D:1      | Reached XP level 3. HP: 31/31 MP: 3/3
   747 | D:1      | Reached skill level 5 in Axes
  1214 | D:2      | Reached XP level 4. HP: 27/39 MP: 4/4
  1267 | D:2      | Reached skill level 6 in Axes
  1930 | D:2      | Reached XP level 5. HP: 37/45 MP: 5/5
  2070 | D:2      | Reached skill level 7 in Axes
  2342 | D:3      | Noticed Ijyb
  2382 | D:3      | Killed from afar by Ijyb

Levels and vault maps discovered:
D:1:      dpeg_arrival_rhombus, layout_loops_cross,
          chequers_serial_rivers_room_a, minmay_pentomino_w4
D:2:      layout_rooms, first_ration
D:3:      layout_basic, uniq_ijyb

Skill      XL: |  1  2  3  4  5 |
---------------+----------------+-----
Axes           | 3 4 5 6 7 |  7.7
Fighting       | |  3.6
Armour         | |  3.2
Shields        | |  3.2

Action                   |  1- 3 |  4- 6 || total
-------------------------+-------+-------++-------
Melee: War axe           |    80 |   106 ||   186
Evoke: Wand              |       |     3 ||     3
  Eat: Chunk             |       |     5 ||     5
Armor: Scale mail        |    35 |    40 ||    75
Dodge: Dodged            |    21 |    19 ||    40
Block: Shield            |    54 |    76 ||   130
       Reflection        |       |     7 ||     7
